 Dungeon Crawl Stone Soup version 0.17-a0-1769-g54adf96 (webtiles) character file.

558 penrose the Grappler (level 7, -9/66 HPs)
             Began as a Troll Monk on Sept 7, 2015.
             Mangled by a hill giant
             ... wielding a +0 giant spiked club
              (21 damage)
             ... on level 5 of the Dungeon.
             The game lasted 00:02:59 (3369 turns).

penrose the Grappler (Troll Monk)                   Turns: 3369, Time: 00:02:59

Health: -9/66      AC:  5    Str: 20    XL:     7   Next: 9%
Magic:  6/6        EV: 10    Int:  8    God:
Gold:   169        SH:  0    Dex: 12    Spells: 0 memorised, 6 levels left

rFire  . . .     SeeInvis .       - Unarmed
rCold  . . .     Clarity  .     a - +0 robe
rNeg   . . .     SustAt   .     (no shield)
rPois  .         Gourm    +     (helmet restricted)
rElec  .         Spirit   .     (no cloak)
rCorr  .         Warding  .     (gloves unavailable)
rMut   .         Stasis   .     (boots unavailable)
MR     .....                    (no amulet)
Stlth  +.........               (no ring)
                                (no ring)

@: not resistant to hostile enchantments, very unstealthy
A: unfitting armour, claws 3, fast metabolism 3, gourmand, regeneration 2,
shaggy fur 1, tough skin 2
a: no special abilities


You were on level 5 of the Dungeon.
You were very full.

You visited 1 branch of the dungeon, and saw 5 of its levels.

You collected 169 gold pieces.

Inventory:

Armour
 a - a +0 robe (worn)
Jewellery
 g - an uncursed ring of stealth
 i - an uncursed ring of flight
Magical devices
 n - a wand of digging (11)
 s - a wand of hasting (7)
Scrolls
 c - 4 scrolls of identify {unknown}
 e - 3 scrolls of blinking {unknown}
 h - 3 scrolls of noise {unknown}
 j - a scroll of remove curse {unknown}
 m - 2 scrolls of amnesia {unknown}
 p - a scroll of random uselessness {unknown}
 r - a scroll of immolation {unknown}
Potions
 d - a potion of ambrosia {unknown}
 l - 4 potions of poison {unknown}
 o - 2 potions of flight {unknown}
 t - 2 potions of lignification {unknown}
 u - a potion of agility {unknown}
Comestibles
 b - 3 bread rations
 f - 4 fruits
 k - 2 beef jerkies
 q - a meat ration


   Skills:
 - Level 2.4 Fighting
 - Level 2.4 Dodging
 - Level 1.1 Stealth
 * Level 8.6 Unarmed Combat


You had 6 spell levels left.
You didn't know any spells.

Dungeon Overview and Level Annotations

Branches:
Dungeon (5/15)
 Temple: D:4-7

Altars:
Elyvilon
Zin
The Shining One


Innate Abilities, Weirdness & Mutations

You are too large for most types of armour.
You have claws for hands.
Your metabolism is lightning-fast.
You like to eat raw meat.
You heal very quickly.
You are covered in fur (AC +1).
You have very tough skin (AC +2).


Message History

A hill giant is nearby!
The hill giant hits you with a giant spiked club!!
Found a meat ration.
You claw the hill giant!
The hill giant is moderately wounded.
A hill giant is nearby!
You barely miss the hill giant.
The hill giant is moderately wounded.
The hill giant hits you with a giant spiked club!!
* * * LOW HITPOINT WARNING * * *
You are too injured to fight recklessly!
You are too injured to fight recklessly!
You are too injured to fight recklessly!
You are too injured to fight recklessly!
You barely miss the hill giant.
The hill giant is moderately wounded.
You claw the hill giant!
The hill giant is heavily wounded.
The hill giant hits you with a giant spiked club!!
You die...

##.. ... ..#
#.# #.# ##(#
#<.# #
##.#####.##%...
......C@..>.#
##.#####?####
#.# #.# #.# #.#
... ##


You could see a hill giant.

Vanquished Creatures
  Grinder (D:4)
  A water moccasin skeleton (D:4)
  An orc priest (D:4)
  A hound (D:4)
  5 orc wizards
  2 adders (D:2)
  An ooze (D:4)
  5 worms
  3 giant geckos
  9 orcs
  14 goblins
  4 hobgoblins
  8 kobolds
  A quokka (D:2)
  8 bats
  5 giant cockroaches
  4 giant newts
  11 jackals
  6 rats
90 creatures vanquished.

Notes
Turn   | Place    | Note
--------------------------------------------------------------
     0 | D:1      | penrose the Troll Monk began the quest for the Orb.
     0 | D:1      | Reached XP level 1. HP: 22/22 MP: 0/0
   266 | D:1      | Reached XP level 2. HP: 27/29 MP: 1/1
   929 | D:2      | Reached skill level 5 in Unarmed Combat
   929 | D:2      | Reached XP level 3. HP: 36/36 MP: 2/2
  1320 | D:2      | Reached XP level 4. HP: 42/44 MP: 3/3
  1879 | D:3      | Found a white marble altar of Elyvilon.
  1879 | D:3      | Found a glowing silver altar of Zin.
  1880 | D:3      | Found a glowing golden altar of the Shining One.
  2112 | D:3      | Reached skill level 6 in Unarmed Combat
  2495 | D:4      | Reached XP level 5. HP: 35/50 MP: 4/4
  2536 | D:4      | Reached skill level 7 in Unarmed Combat
  2539 | D:4      | Reached XP level 6. HP: 41/59 MP: 5/5
  2580 | D:4      | Noticed Grinder
  2584 | D:4      | Paralysed by Grinder for 2 turns
  2590 | D:4      | Killed Grinder
  2590 | D:4      | Reached skill level 8 in Unarmed Combat
  2834 | D:4      | Reached XP level 7. HP: 58/66 MP: 6/6
  3357 | D:5      | Entered Level 5 of the Dungeon
  3362 | D:5      | Noticed a hill giant
  3369 | D:5      | Mangled by a hill giant

Vault maps used:
D:1:      dpeg_arrival_three_same_balls, minmay_misc_feat_enclosed
D:3:      good_gods_temple_1, nrook_mini_backslash
D:4:      uniq_grinder
D:5:      overflow_temple_1_default, first_bread, nemelex_altar_shiori

Action                   |  1- 3 |  4- 6 |  7- 9 || total
-------------------------+-------+-------+-------++-------
Melee: Unarmed           |   128 |    93 |    25 ||   246
 Stab: Sleeping          |     2 |     2 |     2 ||     6
  Eat: Chunk             |    15 |    15 |     5 ||    35
